[ PARTIDA AOE2 · #505844922 ]
UnrankedWu vs Burgundians
Equipo del jugador · DERR
Equipo rival · VICT
[ ANÁLISIS DE REPETICIÓN · EXTRAÍDO DE LA PARTIDA GRABADA ]
Feudal
13:26
Castillos
18:57
Imperial
37:00
| APM promedio | 54.5 |
| APM pico | 83 |
| eAPM promedio | 21.0 |
| Aldeanos / militares | 120 / 28 |
Foco
⚔️ 45.3% · 🌾 54.7%
Unknown (1968) ×72 · Unknown (1974) ×42 · Spearman ×15 · Militia ×10 · Unknown (1942) ×4 · Mangonel ×3
Feudal
9:18
Castillos
20:17
Imperial
37:10
| APM promedio | 49.9 |
| APM pico | 78 |
| eAPM promedio | 27.1 |
| Aldeanos / militares | 127 / 195 |
Foco
⚔️ 43.0% · 🌾 57.0%
Skirmisher ×104 · Flemish Militia ×73 · Hand Cannoneer ×8 · Coustillier ×5 · Trebuchet (Packed) ×4 · Bombard Cannon ×1
Mapa de la partida
Recursos iniciales + cada clic de construcción. Líneas = muros · curvas = relieve. ◆ oro · ⬟ piedra · ● bayas · ✦ reliquia · ◌ hueco del cierre
Tu base· ✓ Cerrada en 18:57 · 63t muro · 1 puerta(s)
Base de 滑西列夫斯稽· Abierta — hueco de 4t
Terreno inicial suavizado · ◌ = hueco del cierre detectado · pasá el cursor para detalles
Inputs por minuto
— SaintedByArmor - - 滑西列夫斯稽
Build order — SaintedByArmor
Primeras 150 de 406 acciones detectadas
| 0:00 | Crear | Villager (Male) |
| 0:00 | Crear | Villager (Male) |
| 0:01 | Construir | House |
| 0:02 | Construir | House |
| 0:14 | Crear | Villager (Male) |
| 0:14 | Crear | Villager (Male) |
| 0:14 | Crear | Villager (Male) |
| 1:19 | Crear | Villager (Male) |
| 2:03 | Crear | Villager (Male) |
| 2:20 | Construir | House |
| 2:24 | Crear | Villager (Male) |
| 2:47 | Construir | Palisade Wall |
| 2:49 | Construir | Palisade Wall |
| 2:51 | Construir | Palisade Wall |
| 2:52 | Construir | Palisade Wall |
| 2:58 | Crear | Villager (Male) |
| 2:58 | Crear | Villager (Male) |
| 3:09 | Crear | Villager (Male) |
| 3:09 | Crear | Villager (Male) |
| 3:49 | Crear | Villager (Male) |
| 3:49 | Crear | Villager (Male) |
| 4:00 | Construir | Barracks |
| 4:11 | Crear | Villager (Male) |
| 4:12 | Crear | Villager (Male) |
| 4:12 | Crear | Villager (Male) |
| 4:32 | Construir | Barracks |
| 4:33 | Construir | Palisade Wall |
| 5:00 | Crear | Villager (Male) |
| 5:00 | Crear | Villager (Male) |
| 5:01 | Crear | Villager (Male) |
| 5:06 | Construir | House |
| 5:13 | Construir | Mill |
| 5:25 | Crear | Militia |
| 5:25 | Crear | Militia |
| 5:27 | Crear | Militia |
| 5:53 | Crear | Villager (Male) |
| 5:57 | Crear | Militia |
| 6:00 | Construir | House |
| 6:17 | Construir | Palisade Wall |
| 6:18 | Construir | Palisade Wall |
| 6:19 | Construir | Palisade Wall |
| 6:20 | Construir | Palisade Wall |
| 6:21 | Construir | Palisade Wall |
| 6:22 | Construir | Palisade Wall |
| 6:23 | Crear | Villager (Male) |
| 6:38 | Crear | Militia |
| 6:48 | Construir | Palisade Wall |
| 6:49 | Construir | Palisade Wall |
| 6:50 | Crear | Villager (Male) |
| 6:51 | Crear | Villager (Male) |
| 7:00 | Construir | Palisade Wall |
| 7:15 | Construir | Lumber Camp |
| 7:37 | Crear | Villager (Male) |
| 7:37 | Crear | Villager (Male) |
| 8:21 | Construir | Palisade Wall |
| 8:23 | Construir | Palisade Wall |
| 8:23 | Construir | Palisade Wall |
| 8:24 | Construir | Palisade Wall |
| 8:24 | Construir | Palisade Wall |
| 8:31 | Crear | Villager (Male) |
| 8:31 | Crear | Villager (Male) |
| 8:50 | Crear | Villager (Male) |
| 8:57 | Construir | House |
| 9:28 | Construir | House |
| 9:30 | Construir | Palisade Wall |
| 9:33 | Construir | Palisade Wall |
| 9:48 | Crear | Villager (Male) |
| 10:03 | Crear | Villager (Male) |
| 10:14 | Construir | Palisade Wall |
| 10:17 | Construir | Palisade Wall |
| 10:19 | Construir | Palisade Wall |
| 10:24 | Construir | Palisade Wall |
| 10:26 | Construir | Palisade Wall |
| 10:32 | Construir | Palisade Wall |
| 10:37 | Construir | Palisade Wall |
| 10:38 | Construir | Palisade Wall |
| 10:39 | Construir | Palisade Wall |
| 10:43 | Crear | Villager (Male) |
| 10:45 | Investigar | Feudal Age |
| 10:56 | Construir | House |
| 10:57 | Construir | Palisade Wall |
| 10:58 | Construir | Palisade Wall |
| 11:03 | Construir | Farm |
| 11:03 | Construir | Farm |
| 11:03 | Construir | Farm |
| 11:04 | Construir | Farm |
| 11:04 | Construir | Farm |
| 11:08 | Construir | House |
| 11:10 | Construir | Palisade Wall |
| 11:11 | Construir | Palisade Wall |
| 11:14 | Construir | House |
| 11:16 | Construir | Palisade Wall |
| 11:50 | Construir | Palisade Wall |
| 11:50 | Construir | Palisade Wall |
| 11:52 | Construir | Palisade Wall |
| 11:57 | Construir | Palisade Wall |
| 11:57 | Construir | Palisade Wall |
| 12:15 | Construir | Palisade Gate |
| 12:31 | Construir | Mining Camp |
| 13:03 | Construir | Palisade Wall |
| 13:11 | Construir | House |
| 13:12 | Crear | Villager (Male) |
| 13:12 | Crear | Villager (Male) |
| 13:26 | Edad | Edad Feudal |
| 13:45 | Construir | Market |
| 13:51 | Investigar | Loom |
| 13:58 | Construir | Palisade Wall |
| 14:12 | Construir | Mining Camp |
| 14:43 | Crear | Villager (Male) |
| 15:05 | Construir | Blacksmith |
| 15:08 | Crear | Villager (Male) |
| 15:35 | Crear | Villager (Male) |
| 16:17 | Investigar | Castle Age |
| 16:18 | Investigar | Castle Age |
| 16:31 | Construir | House |
| 16:32 | Construir | Palisade Wall |
| 16:55 | Construir | Farm |
| 16:57 | Construir | Farm |
| 17:02 | Construir | Farm |
| 17:05 | Investigar | Double-Bit Axe |
| 17:09 | Construir | House |
| 17:10 | Construir | House |
| 17:11 | Construir | House |
| 17:20 | Construir | House |
| 18:35 | Investigar | Horse Collar |
| 18:57 | Edad | Edad de los Castillos |
| 19:00 | Construir | Castle |
| 19:04 | Construir | Lumber Camp |
| 19:05 | Crear | Villager (Male) |
| 19:06 | Crear | Villager (Male) |
| 19:09 | Investigar | Fletching |
| 19:17 | Crear | Unit 1974 |
| 19:17 | Crear | Unit 1974 |
| 19:34 | Construir | House |
| 19:38 | Crear | Unit 1974 |
| 19:51 | Crear | Villager (Male) |
| 19:52 | Crear | Villager (Male) |
| 20:02 | Crear | Unit 1968 |
| 20:02 | Crear | Unit 1968 |
| 20:18 | Crear | Villager (Male) |
| 20:44 | Crear | Unit 1974 |
| 20:46 | Crear | Unit 1968 |
| 20:46 | Crear | Unit 1968 |
| 21:00 | Crear | Unit 1974 |
| 21:25 | Crear | Unit 1974 |
| 21:34 | Crear | Villager (Male) |
| 21:35 | Crear | Unit 1968 |
| 21:35 | Crear | Unit 1968 |
| 21:50 | Construir | Town Center |
| 21:52 | Crear | Unit 1968 |
Build order — 滑西列夫斯稽
Primeras 150 de 462 acciones detectadas
| 0:01 | Crear | Villager (Male) |
| 0:01 | Crear | Villager (Male) |
| 0:02 | Crear | Villager (Male) |
| 0:02 | Crear | Villager (Male) |
| 0:02 | Crear | Villager (Male) |
| 0:02 | Crear | Villager (Male) |
| 0:04 | Construir | House |
| 0:04 | Construir | House |
| 1:32 | Crear | Villager (Male) |
| 2:04 | Crear | Villager (Male) |
| 2:22 | Construir | Lumber Camp |
| 2:31 | Crear | Villager (Male) |
| 2:56 | Crear | Villager (Male) |
| 3:03 | Investigar | Double-Bit Axe |
| 3:17 | Crear | Villager (Male) |
| 3:40 | Crear | Villager (Male) |
| 4:08 | Crear | Villager (Male) |
| 4:10 | Construir | House |
| 4:33 | Crear | Villager (Male) |
| 4:50 | Crear | Villager (Male) |
| 5:18 | Crear | Villager (Male) |
| 5:46 | Construir | Palisade Wall |
| 5:53 | Crear | Villager (Male) |
| 5:54 | Construir | Mill |
| 6:17 | Investigar | Loom |
| 6:38 | Crear | Villager (Male) |
| 6:41 | Construir | Palisade Wall |
| 6:42 | Construir | Palisade Wall |
| 6:44 | Construir | Palisade Wall |
| 6:45 | Construir | Palisade Wall |
| 6:53 | Construir | Palisade Wall |
| 7:07 | Investigar | Feudal Age |
| 7:33 | Construir | House |
| 7:34 | Construir | House |
| 7:36 | Construir | House |
| 7:39 | Crear | Villager (Male) |
| 8:15 | Construir | Mining Camp |
| 8:48 | Construir | Palisade Wall |
| 8:53 | Construir | Barracks |
| 9:01 | Construir | Palisade Wall |
| 9:04 | Construir | Palisade Wall |
| 9:18 | Edad | Edad Feudal |
| 9:22 | Crear | Villager (Male) |
| 9:37 | Investigar | Bow Saw |
| 9:40 | Construir | Palisade Wall |
| 9:43 | Crear | Flemish Militia |
| 9:51 | Construir | Palisade Wall |
| 10:00 | Construir | Palisade Wall |
| 10:09 | Crear | Flemish Militia |
| 10:30 | Crear | Villager (Male) |
| 10:44 | Crear | Flemish Militia |
| 10:44 | Crear | Flemish Militia |
| 10:56 | Crear | Villager (Male) |
| 11:21 | Crear | Villager (Male) |
| 11:24 | Construir | Farm |
| 11:40 | Crear | Villager (Male) |
| 11:48 | Crear | Flemish Militia |
| 11:51 | Construir | Farm |
| 11:53 | Construir | Farm |
| 12:14 | Crear | Villager (Male) |
| 12:29 | Crear | Flemish Militia |
| 12:35 | Crear | Villager (Male) |
| 12:41 | Construir | Farm |
| 12:45 | Construir | House |
| 12:55 | Construir | Farm |
| 12:57 | Construir | Farm |
| 13:01 | Construir | Farm |
| 13:03 | Construir | Farm |
| 13:07 | Construir | Farm |
| 13:07 | Investigar | Town Watch |
| 13:09 | Construir | Farm |
| 13:10 | Construir | Farm |
| 13:18 | Construir | Market |
| 13:24 | Crear | Flemish Militia |
| 13:38 | Crear | Villager (Male) |
| 13:48 | Crear | Flemish Militia |
| 13:58 | Construir | Palisade Wall |
| 14:03 | Construir | Farm |
| 14:05 | Construir | Palisade Wall |
| 14:07 | Crear | Villager (Male) |
| 14:08 | Construir | Farm |
| 14:23 | Crear | Villager (Male) |
| 14:33 | Crear | Villager (Male) |
| 14:39 | Construir | Archery Range |
| 14:45 | Construir | Farm |
| 14:48 | Crear | Villager (Male) |
| 14:50 | Construir | House |
| 14:55 | Crear | Flemish Militia |
| 15:05 | Construir | Farm |
| 15:17 | Crear | Skirmisher |
| 15:38 | Crear | Villager (Male) |
| 16:02 | Construir | Farm |
| 16:04 | Construir | Farm |
| 16:08 | Crear | Flemish Militia |
| 16:11 | Crear | Villager (Male) |
| 16:17 | Construir | Farm |
| 16:44 | Crear | Villager (Male) |
| 17:04 | Crear | Villager (Male) |
| 17:19 | Construir | House |
| 17:37 | Investigar | Castle Age |
| 17:38 | Crear | Skirmisher |
| 18:02 | Construir | Lumber Camp |
| 18:17 | Construir | Lumber Camp |
| 18:19 | Construir | Palisade Wall |
| 18:23 | Crear | Skirmisher |
| 18:33 | Construir | Blacksmith |
| 18:45 | Crear | Skirmisher |
| 19:00 | Investigar | Horse Collar |
| 19:16 | Crear | Skirmisher |
| 19:32 | Crear | Skirmisher |
| 19:42 | Construir | House |
| 19:58 | Crear | Flemish Militia |
| 20:15 | Construir | House |
| 20:17 | Edad | Edad de los Castillos |
| 20:26 | Investigar | Elite Skirmisher (upgrade) |
| 20:27 | Crear | Villager (Male) |
| 20:31 | Crear | Flemish Militia |
| 20:50 | Construir | Town Center |
| 20:55 | Crear | Flemish Militia |
| 21:08 | Investigar | Fletching |
| 21:08 | Crear | Villager (Male) |
| 21:10 | Construir | Farm |
| 21:19 | Crear | Flemish Militia |
| 21:32 | Crear | Skirmisher |
| 21:33 | Crear | Villager (Male) |
| 21:36 | Crear | Flemish Militia |
| 21:41 | Investigar | Padded Archer Armor |
| 21:42 | Investigar | Bodkin Arrow |
| 21:45 | Crear | Skirmisher |
| 21:50 | Construir | House |
| 21:53 | Construir | House |
| 21:59 | Crear | Villager (Male) |
| 22:01 | Crear | Flemish Militia |
| 22:10 | Investigar | Squires |
| 22:13 | Crear | Flemish Militia |
| 22:26 | Crear | Villager (Male) |
| 22:30 | Construir | House |
| 22:36 | Construir | House |
| 22:39 | Crear | Villager (Male) |
| 22:43 | Crear | Flemish Militia |
| 22:56 | Crear | Villager (Male) |
| 22:57 | Crear | Villager (Male) |
| 22:58 | Crear | Villager (Male) |
| 23:05 | Construir | House |
| 23:08 | Construir | Palisade Wall |
| 23:12 | Construir | Palisade Wall |
| 23:19 | Crear | Villager (Male) |
| 23:24 | Crear | Villager (Male) |
| 23:27 | Construir | Town Center |
| 23:28 | Crear | Villager (Male) |
Cronología de la partida
| 2:47 | SaintedByArmor · wall_segment Palisade Wall x1 |
| 2:49 | SaintedByArmor · wall_segment Palisade Wall x1 |
| 2:51 | SaintedByArmor · wall_segment Palisade Wall x1 |
| 2:52 | SaintedByArmor · wall_segment Palisade Wall x1 |
| 4:00 | SaintedByArmor · first_building Barracks |
| 4:33 | SaintedByArmor · wall_segment Palisade Wall x1 |
| 5:46 | 滑西列夫斯稽 · wall_segment Palisade Wall x1 |
| 6:17 | SaintedByArmor · wall_segment Palisade Wall x1 |
| 6:18 | SaintedByArmor · wall_segment Palisade Wall x1 |
| 6:19 | SaintedByArmor · wall_segment Palisade Wall x1 |
| 6:20 | SaintedByArmor · wall_segment Palisade Wall x1 |
| 6:21 | SaintedByArmor · wall_segment Palisade Wall x1 |
| 6:22 | SaintedByArmor · wall_segment Palisade Wall x1 |
| 6:41 | 滑西列夫斯稽 · wall_segment Palisade Wall x1 |
| 6:42 | 滑西列夫斯稽 · wall_segment Palisade Wall x1 |
| 6:44 | 滑西列夫斯稽 · wall_segment Palisade Wall x1 |
| 6:45 | 滑西列夫斯稽 · wall_segment Palisade Wall x1 |
| 6:48 | SaintedByArmor · wall_segment Palisade Wall x1 |
| 6:49 | SaintedByArmor · wall_segment Palisade Wall x1 |
| 6:53 | 滑西列夫斯稽 · wall_segment Palisade Wall x1 |
| 7:00 | SaintedByArmor · wall_segment Palisade Wall x1 |
| 8:21 | SaintedByArmor · wall_segment Palisade Wall x1 |
| 8:23 | SaintedByArmor · wall_segment Palisade Wall x1 |
| 8:23 | SaintedByArmor · wall_segment Palisade Wall x1 |
| 8:24 | SaintedByArmor · wall_segment Palisade Wall x1 |
| 8:24 | SaintedByArmor · wall_segment Palisade Wall x1 |
| 8:48 | 滑西列夫斯稽 · wall_segment Palisade Wall x1 |
| 8:53 | 滑西列夫斯稽 · first_building Barracks |
| 9:01 | 滑西列夫斯稽 · wall_segment Palisade Wall x1 |
| 9:04 | 滑西列夫斯稽 · wall_segment Palisade Wall x1 |
| 9:18 | 滑西列夫斯稽 · age_up feudal |
| 9:30 | SaintedByArmor · wall_segment Palisade Wall x4 |
| 9:33 | SaintedByArmor · wall_segment Palisade Wall x1 |
| 9:40 | 滑西列夫斯稽 · wall_segment Palisade Wall x5 |
| 9:51 | 滑西列夫斯稽 · wall_segment Palisade Wall x2 |
| 10:00 | 滑西列夫斯稽 · wall_segment Palisade Wall x1 |
| 10:14 | SaintedByArmor · wall_segment Palisade Wall x1 |
| 10:17 | SaintedByArmor · wall_segment Palisade Wall x1 |
| 10:19 | SaintedByArmor · wall_segment Palisade Wall x1 |
| 10:24 | SaintedByArmor · wall_segment Palisade Wall x1 |
| 10:26 | SaintedByArmor · wall_segment Palisade Wall x1 |
| 10:32 | SaintedByArmor · wall_segment Palisade Wall x1 |
| 10:37 | SaintedByArmor · wall_segment Palisade Wall x1 |
| 10:38 | SaintedByArmor · wall_segment Palisade Wall x1 |
| 10:39 | SaintedByArmor · wall_segment Palisade Wall x1 |
| 10:57 | SaintedByArmor · wall_segment Palisade Wall x6 |
| 10:58 | SaintedByArmor · wall_segment Palisade Wall x1 |
| 11:10 | SaintedByArmor · wall_segment Palisade Wall x4 |
| 11:11 | SaintedByArmor · wall_segment Palisade Wall x1 |
| 11:16 | SaintedByArmor · wall_segment Palisade Wall x8 |
| 11:50 | SaintedByArmor · wall_segment Palisade Wall x1 |
| 11:50 | SaintedByArmor · wall_segment Palisade Wall x1 |
| 11:52 | SaintedByArmor · wall_segment Palisade Wall x8 |
| 11:57 | SaintedByArmor · wall_segment Palisade Wall x1 |
| 11:57 | SaintedByArmor · wall_segment Palisade Wall x1 |
| 13:03 | SaintedByArmor · wall_segment Palisade Wall x1 |
| 13:26 | SaintedByArmor · age_up feudal |
| 13:58 | 滑西列夫斯稽 · wall_segment Palisade Wall x1 |
| 13:58 | SaintedByArmor · wall_segment Palisade Wall x1 |
| 14:05 | 滑西列夫斯稽 · wall_segment Palisade Wall x1 |
| 14:33 | SaintedByArmor · first_market_sell 100 stone |
| 14:39 | 滑西列夫斯稽 · first_building Archery Range |
| 15:38 | SaintedByArmor · first_market_buy 100 food |
| 16:32 | SaintedByArmor · wall_segment Palisade Wall x1 |
| 17:13 | 滑西列夫斯稽 · first_market_sell 100 wood |
| 17:15 | 滑西列夫斯稽 · first_market_buy 100 food |
| 18:19 | 滑西列夫斯稽 · wall_segment Palisade Wall x1 |
| 18:57 | SaintedByArmor · age_up castle |
| 19:00 | SaintedByArmor · first_building Castle |
| 20:17 | 滑西列夫斯稽 · age_up castle |
| 23:08 | 滑西列夫斯稽 · wall_segment Palisade Wall x3 |
| 23:12 | 滑西列夫斯稽 · wall_segment Palisade Wall x1 |
| 23:46 | 滑西列夫斯稽 · wall_segment Palisade Wall x1 |
| 23:49 | 滑西列夫斯稽 · wall_segment Palisade Wall x1 |
| 25:26 | SaintedByArmor · first_building Siege Workshop |
| 33:17 | 滑西列夫斯稽 · first_building Castle |
| 33:29 | 滑西列夫斯稽 · first_building Monastery |
| 37:00 | SaintedByArmor · age_up imperial |
| 37:10 | 滑西列夫斯稽 · age_up imperial |
| 37:46 | SaintedByArmor · first_building Monastery |
| 37:48 | 滑西列夫斯稽 · first_building Siege Workshop |
| 45:29 | SaintedByArmor · resign |
[ ANÁLISIS IA · 1 CRÉDITO ]
¿Qué pasó realmente en esta partida?
Wolo.gg analiza cada decisión: build order, eco, micro, errores típicos por bracket. Análisis personalizado por WhatsApp o Discord en 30 segundos.
Guía civ
Wu
Perfil
SaintedByArmor